 Dungeon Crawl Stone Soup version 0.21.1-1-g345015f (webtiles) character file.

2547 Fang the Cleaver (level 9, -4/56 HPs)
             Began as a Gargoyle Berserker on June 11, 2018.
             Was an Elder of Trog.
             Slain by kunwon1's ghost (10 damage)
             ... on level 7 of the Dungeon.
             The game lasted 00:11:05 (7492 turns).

Fang the Cleaver (Gargoyle Berserker)               Turns: 7492, Time: 00:11:06

Health: -4/56      AC:  9    Str: 24    XL:     9   Next: 56%
Magic:  9/9        EV: 14    Int:  8    God:    Trog [****..]
Gold:   339        SH:  0    Dex:  9    Spells: 8/8 levels left

rFire    . . .     SeeInvis .   a - +0 hand axe
rCold    . . .     Gourm    .   (no shield)
rNeg     + . .     Faith    .   b - +0 animal skin
rPois    ∞         Spirit   .   u - +1 hat
rElec    +         Reflect  .   (no cloak)
rCorr    .         Harm     .   (no gloves)
MR       .....                  (no boots)
Stlth    ++++......             j - amulet of rage
HPRegen  0.18/turn              r - ring of stealth
MPRegen  0.11/turn              (no ring)

@: berserk cooldown, slowed, very slow
A: negative energy resistance 1, electricity resistance, unbreathing,
petrification resistance, rot immunity, AC +6
a: Berserk, Trog's Hand, Brothers in Arms, Burn Spellbooks, Renounce Religion,
Evoke Berserk Rage


You were on level 7 of the Dungeon.
You worshipped Trog.
Trog was greatly pleased with you.
You were near starving.

You visited 1 branch of the dungeon, and saw 7 of its levels.

You collected 339 gold pieces.

Inventory:

Hand Weapons
 a - a +0 hand axe (weapon)
Missiles
 B - 5 poisoned javelins (quivered)
Armour
 b - a +0 animal skin (worn)
 u - a +1 hat (worn)
Jewellery
 j - an amulet of rage (around neck)
 r - a ring of stealth (left hand)
 y - an uncursed ring of fire {unknown}
Wands
 D - a wand of enslavement (14)
Scrolls
 d - 3 scrolls of amnesia {unknown}
 f - 3 scrolls of fear {unknown}
 h - 3 scrolls of remove curse {unknown}
 k - 13 scrolls of identify {unknown}
 o - a scroll of noise {unknown}
 q - a scroll of immolation {unknown}
 w - a scroll of random uselessness {unknown}
 x - a scroll of fog {unknown}
 z - 3 scrolls of teleportation {unknown}
 A - a scroll of magic mapping {unknown}
 E - a scroll of enchant weapon {unknown}
Potions
 e - a potion of magic {unknown}
 g - a potion of brilliance {unknown}
 i - a potion of cancellation {unknown}
 l - 2 potions of heal wounds {unknown}
 m - 2 potions of flight {unknown}
 n - 2 potions of agility {unknown}
 p - 3 potions of curing
 s - a potion of haste {unknown}
 t - 2 potions of might {unknown}
 v - a potion of lignification {unknown}
 C - 2 potions of degeneration {unknown}
Comestibles
 c - 10 rations


   Skills:
 + Level 6.5 Fighting
 + Level 8.6 Axes
 + Level 2.3 Armour
 + Level 5.2 Dodging
 + Level 4.9 Stealth


You had 8 spell levels left.
You didn't know any spells.

Dungeon Overview and Level Annotations

Branches:
Dungeon (7/15)             Temple (0/1) D:7

Altars:
Ashenzari
Cheibriados
Gozag
Hepliaklqana
Kikubaaqudgha
Nemelex Xobeh
Ru
Uskayaw
The Shining One

Shops:
D:5 :

Annotations:
D:7 kunwon1's ghost, novice GnSk


Innate Abilities, Weirdness & Mutations

You are resistant to torment.
Your stone body is resilient. (AC +6)
You are immune to poison.
You resist negative energy. (rN+)
You are resistant to electric shocks. (rElec)
You can survive without breathing.
You are immune to petrification.
You are immune to rotting.


Message History

Kunwon1's ghost is moderately damaged.
Kunwon1's ghost gestures wildly while chanting.
Space distorts along a thin shroud covering kunwon1's ghost's form.
You miss kunwon1's ghost.
Kunwon1's ghost is moderately damaged.
Kunwon1's ghost's shroud bends your attack away.
Kunwon1's ghost hits you!
You miss kunwon1's ghost.
Kunwon1's ghost is moderately damaged.
You hit kunwon1's ghost but do no damage.
Kunwon1's ghost is moderately damaged.
Kunwon1's ghost threatens, "I'm fresh out of hellfire, but you will end anyway."
Kunwon1's ghost hits you!!
* * * LOW HITPOINT WARNING * * *
You miss kunwon1's ghost.
Kunwon1's ghost is moderately damaged.
You are no longer berserk.
You are exhausted.
You feel yourself slow down. Kunwon1's ghost hits you!
You die...

..# ..# ################## #.#
#....W............ ..#
######.##########......
..#########.......# #...[...#
#(#...............#######.##.....
..#..<.####...............###...#
..####......>...W..######.# #..##
#.# #.####.....@..# #......##
..####.# #........# ###.##.##
..#....# #........# #.##.##
#.####.# ########.# # ##.## ..#
#.# #..#...)# . ..# #.# ##.#.####
## ..# #.# #..#.##### # .##
#.######'#).....
.#####.##.###...#.# #.#


You could see kunwon1's ghost.

Vanquished Creatures
  The ghost of MollyMolluskus the Sneak, a novice OpFi of Wu Jian (D:4)
  A spriggan (D:7)
  3 ice beasts
  2 phantoms
  2 sky beasts
  An ogre (D:7)
  3 centaurs
  2 bullfrogs (D:7)
  A wyvern skeleton (D:5)
  2 howler monkeys
  A crimson imp (D:6)
  3 hounds
  A gnoll shaman (D:7)
  4 orc priests
  5 orc wizards
  3 iguanas
  5 worker ants
  12 gnolls
  8 adders
  An ooze (D:3)
  An adder zombie (D:5)
  5 dart slugs
  5 leopard geckos
  26 orcs
  4 bats
  4 giant cockroaches
  11 hobgoblins
  5 jackals
  8 kobolds
  5 quokkas
  2 frilled lizards (D:1)
  7 goblins
  A leopard gecko skeleton (D:5)
  3 quokka skeletons
  9 rats
157 creatures vanquished.

Notes
Turn   | Place    | Note
-------+----------+-------------------------------------------
     0 | D:1      | Fang the Gargoyle Berserker began the quest for the Orb.
     0 | D:1      | Reached XP level 1. HP: 14/14 MP: 1/1
   226 | D:1      | Reached XP level 2. HP: 17/19 MP: 2/2
   766 | D:1      | Reached skill level 3 in Axes
  1026 | D:2      | Reached XP level 3. HP: 23/24 MP: 3/3
  1077 | D:2      | Found a shattered altar of Ashenzari.
  1128 | D:2      | Found an opulent altar of Gozag.
  1208 | D:2      | Reached ** piety under Trog
  1238 | D:2      | Reached XP level 4. HP: 27/29 MP: 4/4
  1274 | D:2      | Found an ancient bone altar of Kikubaaqudgha.
  2038 | D:3      | Reached XP level 5. HP: 30/33 MP: 5/5
  2066 | D:3      | Found a hazy altar of Hepliaklqana.
  2138 | D:3      | Reached skill level 4 in Axes
  2138 | D:3      | Reached skill level 1 in Stealth
  2404 | D:3      | Found a hide-covered altar of Uskayaw.
  2615 | D:4      | Found a sparkling altar of Nemelex Xobeh.
  2655 | D:4      | Reached XP level 6. HP: 36/39 MP: 6/6
  2718 | D:4      | Noticed MollyMolluskus's ghost (novice OpFi)
  2750 | D:4      | Killed MollyMolluskus's ghost
  2750 | D:4      | Reached skill level 5 in Axes
  2750 | D:4      | Reached XP level 7. HP: 30/44 MP: 7/7
  3021 | D:4      | Reached *** piety under Trog
  3105 | D:4      | Reached skill level 5 in Fighting
  3291 | D:5      | Entered Level 5 of the Dungeon
  3530 | D:5      | Reached skill level 6 in Axes
  3674 | D:5      | Reached XP level 8. HP: 43/49 MP: 8/8
  4622 | D:5      | Found Xoupoj's Book Emporium.
  5091 | D:6      | Reached **** piety under Trog
  5105 | D:6      | Reached skill level 7 in Axes
  5494 | D:6      | Found a snail-covered altar of Cheibriados.
  5497 | D:6      | Found a sacrificial altar of Ru.
  5499 | D:6      | Found a glowing golden altar of the Shining One.
  6339 | D:7      | Reached XP level 9. HP: 6/55 MP: 9/9
  6787 | D:7      | Reached skill level 5 in Dodging
  6796 | D:7      | Reached skill level 8 in Axes
  7336 | D:7      | Found a staircase to the Ecumenical Temple.
  7436 | D:7      | Noticed kunwon1's ghost (novice GnSk)
  7492 | D:7      | Slain by kunwon1's ghost

Skill      XL: |  1  2  3  4  5  6  7  8  9 |
---------------+----------------------------+-----
Axes           | 3 4 5 6 7 8 |  8.6
Fighting       | 4 5 6 |  6.5
Dodging        | 2 3 4 5 |  5.2
Stealth        | 1 2 4 |  4.9
Armour         | |  2.3

Action                   |  1- 3 |  4- 6 |  7- 9 || total
-------------------------+-------+-------+-------++-------
Melee: Hand axe          |    92 |   123 |   484 ||   699
Invok: Berserk           |       |     4 |     9 ||    13
 Stab: Sleeping          |     1 |     1 |    12 ||    14
  Eat: Chunk             |     1 |     4 |    17 ||    22
       Ration            |       |     1 |     2 ||     3
Armor: Animal skin       |    29 |    40 |   167 ||   236
Dodge: Dodged            |    52 |    77 |   303 ||   432
